 Seeded DCSS version 0.27-a0-1149-g4505690ab0 (webtiles) character file.

Game seed: 20210502 (custom seed)

252 Snicker the Sneak (level 5, -3/41 HPs)
             Began as a Demonspawn Brigand on May 2, 2021.
             Was an Initiate of Gozag.
             Slain by an orc
             ... wielding a +0 mace
              (6 damage)
             ... on level 4 of the Dungeon on May 14, 2021.
             The game lasted 00:14:19 (4683 turns).

Snicker the Sneak (Demonspawn Brigand)              Turns: 4683, Time: 00:14:22

Health: -3/41      AC:  4    Str: 11    XL:     5   Next: 89%
Magic:  5/5        EV: 12    Int: 13    God:    Gozag
Gold:   117        SH:  0    Dex: 15    Spells: 4/4 levels left

rFire    . . .     SeeInvis .   a - +2 dagger
rCold    . . .     Faith    .   (no shield)
rNeg     . . .     Spirit   .   g - +0 leather armour
rPois    .         Reflect  .   (no helmet)
rElec    .         Harm     .   c - +0 cloak
rCorr    .         Rampage  .   (no gloves)
Will     .....                  (no boots)
Stlth    +++.......             (no amulet)
HPRegen  0.13/turn              (no ring)
MPRegen  0.09/turn              (no ring)

@: weak-willed, gold aura
A: ignite blood 1
a: Renounce Religion, Potion Petition, Call Merchant, Bribe Branch


You were on level 4 of the Dungeon.
You worshipped Gozag.
Gozag was aware of your devotion.
You visited 1 branch of the dungeon, and saw 4 of its levels.

You collected 157 gold pieces.
You paid 40 gold pieces to Gozag.

Inventory:

Hand Weapons
 a - a +2 dagger (weapon)
Missiles
 d - 8 poisoned darts (quivered)
Armour
 b - a +0 robe
 c - a +0 cloak (worn)
 g - a +0 leather armour (worn)
Scrolls
 h - a scroll of identify
 i - a scroll of amnesia
Potions
 n - 2 potions of brilliance


   Skills:
 + Level 3.0 Fighting
 * Level 3.0 Short Blades
 + Level 1.7 Throwing
 + Level 0.7 Armour
 + Level 1.9 Dodging
 * Level 5.4 Stealth


You had 4 spell levels left.
You didn't know any spells.
Your spell library was empty.

Dungeon Overview and Level Annotations

Branches:
Dungeon (4/15)
 Temple: D:4-7

Altars:
Ashenzari
Gozag

Shops:
D:1 [   D:2 :


Innate Abilities, Weirdness & Mutations

Your demonic aura sometimes causes spilled blood to erupt in flames.


Message History

You barely miss the hobgoblin.
The hobgoblin is heavily wounded.
Your hound bites the jackal.
The hobgoblin barely misses you.
Your hound barely misses the jackal.
You hit the hobgoblin but do no damage.
The hobgoblin is heavily wounded.
Something closely misses your hound.
Your hound bites the jackal.
The hobgoblin barely misses you.
You closely miss the hobgoblin.
The hobgoblin is heavily wounded.
Unknown command.
You hit the hobgoblin.
You kill the hobgoblin!
Unknown command.
Okay, then.
Unknown command.
Unknown command.
You hit the jackal.
You kill the jackal!
Your hound closely misses the orc.
Throw: dart (curare)
Press: ? - help, Q - select action, (/) - cycle Shift-Dir - straight line, f - jackal
Aim: a jackal (blue smoke, 51% to hit)
You throw a curare-tipped dart.
The curare-tipped dart barely misses the orc.
The curare-tipped dart hits the jackal.
The jackal is poisoned.
The jackal convulses.
The jackal seems to slow down.
The jackal is almost dead.
The scorpion becomes distracted by your gold, dreaming of imaginary riches.
The orc closely misses you. The jackal misses your hound.
Unknown command.
You hit the orc.
The orc is heavily wounded.
You kill the jackal!
Your hound misses the jackal.
Your hound bites the jackal but does no damage.
The orc hits you with a +0 mace.
You die...
Your body crumbles into a pile of gold.

##+# ##...## # #
##.....## .# ##
##...§...## ..##.
.####....§§..$####......
....+....§§§.hho@.......
.####.....§§§o####...#..
## #...h§§§## .## #
##.w§§h## .. # ##.o{##
s. # #######o## .# #
#§§§§§§h# # # #§####o§#
# #o# #§§##


You could see a scorpion, 2 orcs, a jackal and a friendly hound (summoned).

Vanquished Creatures
  A hound (D:4)
  2 iguanas (D:4)
  2 orc wizards
  3 adders
  2 worms (D:2)
  2 dart slugs
  9 orcs (D:3)
  9 ball pythons
  9 bats
  3 endoplasms
  3 giant cockroaches
  7 hobgoblins
  2 jackals (D:4)
  3 kobolds
  A quokka (D:1)
  A frilled lizard (D:2)
  10 goblins
  7 rats
76 creatures vanquished.

Vanquished Creatures (others)
  A plant (D:1)
1 creature vanquished.

Grand Total: 77 creatures vanquished

Notes
Turn   | Place    | Note
-------+----------+-------------------------------------------
     0 | D:1      | Snicker the Demonspawn Brigand began the quest for the Orb.
     0 | D:1      | Reached XP level 1. HP: 16/16 MP: 1/1
     4 | D:1      | Found Noxelopt's Armour Emporium.
    51 | D:1      | Upgraded the game from 0.27-a0-1116-g91b3acb402 to
                  | 0.27-a0-1149-g4505690ab0
    95 | D:1      | Reached skill level 4 in Stealth
   139 | D:1      | Gained mutation: Your demonic aura sometimes causes spilled
                  | blood to erupt in flames. [demonic ancestry]
   139 | D:1      | Reached XP level 2. HP: 21/22 MP: 2/2
   196 | D:1      | Found a faded altar of an unknown god.
   966 | D:1      | Reached XP level 3. HP: 27/27 MP: 3/3
  1165 | D:2      | Found a broken altar of Ashenzari.
  1335 | D:2      | Reached skill level 1 in Dodging
  1594 | D:2      | Found Kiecuck's Book Shoppe.
  1810 | D:2      | Reached XP level 4. HP: 31/34 MP: 4/4
  2183 | D:2      | HP: 1/34 [something/magic dart (5)]
  2193 | D:2      | HP: 1/34 [something (3)]
  2197 | D:2      | Reached skill level 5 in Stealth
  3077 | D:3      | HP: 1/34 [something (5)]
  3085 | D:3      | HP: 1/51 [something (3)]
  3094 | D:3      | Reached XP level 5. HP: 3/39 MP: 5/5
  4421 | D:4      | Found an opulent altar of Gozag.
  4421 | D:4      | Found a broken altar of Ashenzari.
  4426 | D:4      | Became a worshipper of Gozag Ym Sagoz the Greedy
  4664 | D:4      | Identified a scroll of acquirement
  4664 | D:4      | Acquired a manual of Fighting
  4674 | D:4      | HP: 2/41 [hobgoblin (2)]
  4683 | D:4      | Slain by an orc

Illustrated notes

Levels and vault maps discovered:
D:1:      ebering_trefoil_3fold, layout_basic, serial_shops, nicolae_shop_trees,
          shapermc_ecumenical_altar_gd, minmay_cut_off
D:2:      layout_loops_cross, serial_shops, shop, basic_altar,
          chequers_serial_rivers_small_b
D:3:      layout_basic, kennysheep_decorative_pillar
D:4:      layout_loops_corners, gammafunk_temple_overflow_statue, uniq_grinder

Skill      XL: |  1  2  3  4  5 |
---------------+----------------+-----
Stealth        | 4 5 |  5.4
Short Blades   | 2 3 |  3.0
Dodging        | 1 |  1.9
Fighting       | 3 |  3.0
Throwing       | |  1.7
Armour         | |  0.7

Action                   |  1- 3 |  4- 6 || total
-------------------------+-------+-------++-------
Melee: Dagger            |   101 |   138 ||   239
       Unarmed           |       |     9 ||     9
Throw: Dart              |     1 |     3 ||     4
  Use: Potion            |       |     4 ||     4
       Scroll            |       |     6 ||     6
 Stab: Sleeping          |    12 |     6 ||    18
       Distracted        |       |     1 ||     1
Armor: Robe              |    26 |    14 ||    40
       Skin              |       |     8 ||     8
       Leather armour    |       |    16 ||    16
Dodge: Dodged            |    58 |    61 ||   119

Table legend: (Time is in decaauts)
 A = Elapsed time spent in this place.
 B = Non-inter-level travel time spent in this place.
 C = Inter-level travel time spent in this place.
 D = Time resting spent in this place.
 E = Time spent auto-exploring this place.
 F = Levels seen in this place.
 G = Mean time per level.
                   A        B        C        D        E       F      G
               +--------+--------+--------+--------+--------+-----+--------+
         Total |   4655 |   4574 |     81 |    934 |   2931 |   4 | 1163.8 |
       Dungeon |   4655 |   4574 |     81 |    934 |   2931 |   4 | 1163.8 |
               +--------+--------+--------+--------+--------+-----+--------+

Top non-repeatable levels by time:
     D:3: 1381 daAuts
     D:2: 1202 daAuts
     D:1: 1128 daAuts
     D:4: 942 daAuts
